AoeStats
← Trickshot

Lombardia

509978756Analyzed
3v3 RM · 4d ago on Sep 28, 2026· 61m 32s· 6 players
Game mode
Random Map
Map size
Normal (6 player)
Population
200
Speed
Normal
Resources
Standard
Victory
Conquest
Starting age
Dark Age
Ending age
Imperial Age
RankedLock teamsTeams togetherTeam positionsShared explorationLock speedFull tech treeHidden civsTurbo modeCheats
Victory
Defeat
🇩🇪 Britons · Germany
1292
+16
🇩🇪 Gurjaras · Germany
1278
+16
🇩🇪 Bohemians · Germany
1246
+17
🇦🇷 Japanese · Argentina
1343
-19
🇦🇷 Varangians · Argentina
1252
-15
🇦🇷 Saxons · Argentina
1245
-15
Trickshot
9:52 Loom
11:38 Feudal Age
16:15 Castle Age
17:21 Double-Bit Axe
17:19 Horse Collar
17:57 Stone Mining
18:27 Bow Saw
23:40 Heavy Plow
25:34 Wheelbarrow
25:45 Town Watch
26:11 Fletching
26:22 Padded Archer Armor
26:53 Hand Cart
26:39 Stone Mining
26:41 Gold Mining
27:35 Bodkin Arrow
33:11 Imperial Age
32:10 Gold Shaft Mining
31:58 Leather Archer Armor
32:58 Caravan
33:47 Scale Mail Armor
33:58 Forging
34:14 Conscription
34:17 Capped Ram
34:45 Elite Longbowman
35:31 Pikeman
36:12 Squires
35:58 Gambesons
36:30 Chain Mail Armor
36:50 Iron Casting
38:15 Chemistry
38:38 Halberdier
39:35 Bracer
40:05 Ring Archer Armor
40:07 Plate Mail Armor
42:50 Blast Furnace
43:23 Ballistics
44:24 Siege Engineers
44:33 Masonry
44:36 Fortified Wall
45:03 Man-at-Arms
46:26 Long Swordsman
46:53 Arson
47:12 Two-Handed Swordsman
49:41 Champion
Spieler2
8:36 Loom
10:21 Feudal Age
15:36 Castle Age
13:53 Double-Bit Axe
17:20 Bow Saw
17:45 Horse Collar
22:49 Heavy Plow
23:59 Wheelbarrow
24:10 Gold Mining
25:14 Stone Mining
26:43 Fletching
31:14 Imperial Age
28:48 Bodkin Arrow
28:53 Padded Archer Armor
30:54 Leather Archer Armor
31:29 Ballistics
31:49 Thumb Ring
31:16 Elite Elephant Archer
31:58 Bracer
32:29 Conscription
34:59 Chemistry
42:07 Town Watch
44:46 Siege Elephant
46:23 Hand Cart
46:00 Light Cavalry
46:47 Scale Barding Armor
47:52 Bloodlines
47:42 Husbandry
47:54 Forging
50:33 Masonry
52:25 Iron Casting
52:10 Chain Barding Armor
52:59 Kshatriyas
54:43 Plate Barding Armor
54:27 Hussar
Wilma Raiden I.
9:38 Loom
11:33 Feudal Age
16:09 Castle Age
21:16 Loom
23:26 Double-Bit Axe
26:17 Wheelbarrow
30:37 Imperial Age
28:24 Pikeman
30:02 Scale Mail Armor
31:18 Chemistry
30:53 Ballistics
32:08 Halberdier
33:30 Chain Mail Armor
40:53 Houfnice
42:42 Plate Mail Armor
47:13 Caravan
49:21 Forging
Lilita Carrió
7:16 Loom
9:43 Feudal Age
10:43 Double-Bit Axe
15:34 Horse Collar
21:49 Castle Age
20:17 Scale Mail Armor
21:24 Fletching
21:36 Padded Archer Armor
22:03 Crossbowman
26:19 Forging
28:38 Heavy Plow
32:32 Imperial Age
31:34 Gold Mining
31:34 Stone Mining
32:50 Bow Saw
33:21 Ballistics
33:02 Capped Ram
33:55 Bodkin Arrow
35:46 Bracer
36:17 Chain Mail Armor
36:37 Iron Casting
38:34 Two-Man Saw
38:24 Squires
40:28 Plate Mail Armor
40:56 Wheelbarrow
40:07 Town Watch
41:33 Leather Archer Armor
40:44 Elite Skirmisher
42:37 Conscription
43:22 Chemistry
43:35 Masonry
44:22 Crop Rotation
43:31 Shield Wall
44:45 Light Cavalry
45:36 Bloodlines
46:10 Ring Archer Armor
47:34 Gold Shaft Mining
47:07 Husbandry
47:50 Hussar
51:18 Scale Barding Armor
54:14 Architecture
53:14 Elite Hearth Troop
59:44 Caravan
C h u c k
9:08 Loom
10:56 Feudal Age
15:57 Castle Age
15:13 Fletching
15:35 Double-Bit Axe
16:07 Horse Collar
19:12 Bodkin Arrow
21:31 Town Watch
23:38 Padded Archer Armor
23:53 Bow Saw
26:05 Leather Archer Armor
27:28 Wheelbarrow
28:23 Heavy Plow
29:02 Gold Mining
29:45 Hand Cart
30:12 Ballistics
30:47 Town Patrol
31:52 Husbandry
32:03 Bloodlines
34:54 Imperial Age
32:46 Scale Mail Armor
32:42 Elite Skirmisher
33:30 Thumb Ring
35:41 Bracer
36:12 Ring Archer Armor
36:43 Chemistry
37:23 Two-Man Saw
38:48 Chain Mail Armor
38:34 Squires
38:19 Arson
37:54 Pikeman
38:43 Capped Ram
40:54 Conscription
41:29 Kataparuto
41:58 Parthian Tactics
43:21 Halberdier
44:36 Plate Mail Armor
45:49 Forging
45:05 Elite Samurai
47:53 Murder Holes
49:23 Iron Casting
48:51 Yasama
52:25 Blast Furnace
53:25 Masonry
62:21 Hoardings
Calavera
6:54 Loom
9:44 Feudal Age
10:13 Double-Bit Axe
10:10 Horse Collar
19:52 Castle Age
18:20 Arson
18:38 Scale Mail Armor
25:38 Bow Saw
25:30 Heavy Plow
27:23 Forging
35:36 Scale Barding Armor
36:07 Iron Casting
37:14 Chain Barding Armor
37:50 Bloodlines
38:14 Husbandry
40:51 Imperial Age
38:58 Wheelbarrow
39:04 Wheelbarrow
38:14 Town Watch
38:48 Chain Mail Armor
40:41 Hand Cart
40:32 Town Patrol
42:11 Plate Barding Armor
40:58 Light Cavalry
41:47 Hussar
42:58 Cavalier
56:48 Crop Rotation
57:22 Two-Man Saw
57:23 Blast Furnace
56:53 Plate Mail Armor
61:13 Vendel Legacy
Connection lost

Rejoining the realm…

Still unreachable

The connection could not be restored.

Session expired

The server has moved on; the page needs a fresh start.